 Dungeon Crawl Stone Soup version 0.23.2-33-g5129a83184 (webtiles) character file.

Game seed: 7913979396623200832

74 Acheron the Skirmisher (level 4, -2/37 HPs)
             Began as a Human Wanderer on July 16, 2019.
             Slain by a scorpion (4 damage)
             ... on level 4 of the Dungeon.
             The game lasted 00:07:51 (2036 turns).

Acheron the Skirmisher (Human Wanderer)             Turns: 2036, Time: 00:07:52

Health: -2/37      AC:  3    Str: 11    XL:     4   Next: 54%
Magic:  4/4        EV: 11    Int: 19    God:
Gold:   119        SH:  0    Dex: 13    Spells: 3/3 levels left

rFire    . . .     SeeInvis .   a - +0 mace
rCold    . . .     Gourm    .   (no shield)
rNeg     . . .     Faith    .   e - +0 leather armour
rPois    .         Spirit   .   (no helmet)
rElec    .         Reflect  .   (no cloak)
rCorr    .         Harm     .   (no gloves)
MR       .....                  (no boots)
Stlth    ++........             (no amulet)
HPRegen  0.12/turn              (no ring)
MPRegen  0.09/turn              (no ring)

@: brilliant, lethally poisoned (-2 -> -7)
A: no striking features
a: no special abilities


You were on level 4 of the Dungeon.
You were not hungry.

You visited 1 branch of the dungeon, and saw 4 of its levels.

You collected 119 gold pieces.

Inventory:

Hand Weapons
 a - a +0 mace (weapon)
 q - a +0 rapier
 r - a +0 morningstar
Missiles
 k - 12 poisoned needles
 o - 60 stones (quivered)
 t - 19 sling bullets
Armour
 d - a +0 robe
 e - a +0 leather armour (worn)
 p - a +0 ring mail
Jewellery
 h - a cursed ring of teleportation {unknown}
 v - a +2 ring of strength {unknown}
Scrolls
 b - 3 scrolls of identify
 i - a scroll of random uselessness {unknown}
 j - a scroll of enchant armour {unknown}
 l - a scroll of enchant weapon {unknown}
 m - a scroll of magic mapping {unknown}
 n - 2 scrolls of teleportation {unknown}
Potions
 c - a potion of haste {unknown}
 u - a potion of lignification {unknown}
Comestibles
 f - 4 rations
 w - 2 chunks of flesh


   Skills:
 * Level 3.8 Fighting
 * Level 2.2 Maces & Flails
 * Level 1.2 Armour
 * Level 1.1 Dodging
 * Level 1.7 Stealth
   Level 1.0 Shields
 * Level 0.4 Spellcasting
   Level 2.0 Summonings
   Level 1.0 Fire Magic


You had 3 spell levels left.
You didn't know any spells.
Your spell library contained the following spells:

 Spells                   Type           Power        Failure   Level  Hunger
 Summon Small Mammal      Summ           ###.         1%          1    ##.....
 Call Imp                 Summ           ###.....     2%          2    ###....
 Freeze                   Ice            ##..         3%          1    ##.....
 Call Canine Familiar     Summ           ###.....     4%          3    ####...
 Summon Guardian Golem    Hex/Summ       ###.....     6%          3    ####...
 Ozocubu's Armour         Chrm/Ice       ##......     9%          3    ####...
 Summon Ice Beast         Ice/Summ       ###.....     17%         4    #####..
 Summon Lightning Spire   Summ/Air       ###.....     17%         4    #####..


Dungeon Overview and Level Annotations

Branches:
Dungeon (4/15)
 Temple: D:4-7

Altars:


Message History

The scorpion misses you. The scorpion stings you.
You are poisoned.
The scorpion poisons you!
You hit the scorpion but do no damage.
The scorpion is moderately wounded.
You feel sick. The scorpion stings you.
* * * LOW HITPOINT WARNING * * *
You hit the scorpion.
The scorpion is severely wounded.
The scorpion stings you.
* * * LOW HITPOINT WARNING * * *
You feel sick.
You feel sick. The scorpion stings you.
* * * LOW HITPOINT WARNING * * *
* * * LOW HITPOINT WARNING * * *
You feel sick.
It was a potion of brilliance.
You feel clever all of a sudden. The scorpion stings you.
You die...

#.. #.# #.#
###.#
###...###
#.......
#.#...#####
#.#.s@.<..#
#.#..##.#.#
#.......#.#
#####.###.#
#.........#
#.#########
#.# #.# ..#


You could see a scorpion.

Vanquished Creatures
  An adder (D:2)
  2 oozes
  2 worms (D:2)
  2 dart slugs (D:1)
  3 bats (D:1)
  2 giant cockroaches (D:1)
  8 goblins
  7 hobgoblins
  3 jackals (D:1)
  5 kobolds
  3 frilled lizards
  4 rats
42 creatures vanquished.

Notes
Turn   | Place    | Note
-------+----------+-------------------------------------------
     0 | D:1      | Acheron the Human Wanderer began the quest for the Orb.
     0 | D:1      | Acheron set off with the following items: a +0 mace, a +0
                  | robe, a ration; and the following spells available to
                  | memorise: Summon Small Mammal, Call Imp, Freeze, Call
                  | Canine Familiar, Summon Guardian Golem, Ozocubu's Armour,
                  | Summon Ice Beast, Summon Lightning Spire
     0 | D:1      | Reached XP level 1. HP: 18/18 MP: 1/1
   145 | D:1      | Reached XP level 2. HP: 23/24 MP: 2/2
   221 | D:1      | Reached XP level 3. HP: 24/29 MP: 3/3
  1026 | D:2      | Reached XP level 4. HP: 8/37 MP: 4/4
  1201 | D:2      | Reached skill level 1 in Dodging
  2036 | D:4      | Slain by a scorpion

Skill      XL: |  1  2  3  4 |
---------------+-------------+-----
Maces & Flails | 2 |  2.2
Dodging        | 1 |  1.1
Fighting       | |  3.8
Armour         | |  1.2
Stealth        | |  1.7
Shields        | |  1.0
Spellcasting   | |  0.4
Summonings     | |  2.0
Fire Magic     | |  1.0

Action                   |  1- 3 |  4- 6 || total
-------------------------+-------+-------++-------
Melee: Mace              |    80 |    43 ||   123
  Use: Potion            |     1 |     2 ||     3
       Scroll            |       |     1 ||     1
 Stab: Sleeping          |     3 |     1 ||     4
  Eat: Ration            |       |     1 ||     1
Armor: Robe              |     4 |       ||     4
       Leather armour    |    19 |     3 ||    22
Dodge: Dodged            |    60 |    22 ||    82
